 Dungeon Crawl Stone Soup version 0.27.1-34-g3ba077fa99 (webtiles) character file.

Game seed: 17782234825505056548

147 zeram the Chopper (level 5, -1/36 HPs)
             Began as an Octopode Fighter on Jan 20, 2022.
             Slain by a gnoll (7 damage)
             ... on level 3 of the Dungeon.
             The game lasted 00:03:14 (2761 turns).

zeram the Chopper (Octopode Fighter)                Turns: 2761, Time: 00:03:15

Health: -1/36      AC:  1    Str: 16    XL:     5   Next: 29%
Magic:  5/5        EV: 13    Int: 11    God:
Gold:   147        SH:  4    Dex: 11    Spells: 4/4 levels left

rFire    . . .     SeeInvis .   a - +0 war axe
rCold    . . .     Faith    .   h - +0 buckler
rNeg     . . .     Spirit   .   (helmet restricted)
rPois    .         Reflect  .   (no amulet)
rElec    .         Harm     .   (no ring)
rCorr    .         Rampage  .   (no ring)
Will     .....                  (no ring)
Stlth    ++........             (no ring)
HPRegen  0.12/turn              (no ring)
MPRegen  0.09/turn              (no ring)
                                (no ring)
                                (no ring)

@: mighty
A: almost no armour, amphibious, 8 rings, camouflage 1, gelatinous body 1,
(nimble swimmer 1), tentacles
a: no special abilities


You were on level 3 of the Dungeon.
You visited 1 branch of the dungeon, and saw 3 of its levels.

You collected 147 gold pieces.

Inventory:

Hand Weapons
 a - a +0 war axe (weapon)
Missiles
 d - a throwing net
 f - 48 poisoned darts (quivered)
Armour
 b - a +0 kite shield
 h - a +0 buckler (worn)
Scrolls
 e - a scroll of immolation {unknown}
 g - 4 scrolls of identify {unknown}
 i - 3 scrolls of teleportation {unknown}
Potions
 j - a potion of lignification {unknown}
 k - a potion of brilliance {unknown}


   Skills:
 - Level 3.4 Fighting
 + Level 4.2 Axes
 + Level 3.5 Dodging
 - Level 0.2 Stealth
 + Level 3.5 Shields


You had 4 spell levels left.
You didn't know any spells.
Your spell library contained the following spells:

 Spells                   Type           Power      Damage    Failure   Level
 Animate Skeleton         Necr           0%         N/A       36%         1
 Pain                     Necr           0%         1d4       36%         1
 Vampiric Draining        Necr           0%         2d6       73%         3


Dungeon Overview and Level Annotations

Branches:
Dungeon (3/15)

Altars:
Ashenzari

Shops:
D:3 (*


Innate Abilities, Weirdness & Mutations

You cannot wear most types of armour.
You are amphibious.
You can wear up to eight rings at the same time.
Your skin changes colour to match your surroundings (Stealth+).
Your rubbery body absorbs attacks. (AC +1, EV +1)
((You are camouflaged near water. (Stealth+)))
You have tentacles for arms and can constrict up to eight enemies at once.


Message History

A frilled lizard is nearby!
A frilled lizard is nearby!
A frilled lizard is nearby!
You catch the helpless frilled lizard completely off-guard!
You hit the frilled lizard.
You kill the frilled lizard!
No target in view!
No target in view!
Found a stone staircase leading up.
An orc comes into view. It is wielding a +0 short sword.
The orc moves out of view.
Found a stone staircase leading down.
A gnoll is nearby!
A gnoll comes into view. It is wielding a +0 club.
The gnoll shouts!
The gnoll throws a stone.
The stone hits you.
Found a stone staircase leading up.
The gnoll throws a stone.
The stone hits you. The gnoll hits you with a +0 flail!
The gnoll shouts!
You hit the gnoll. Your grab misses the gnoll.
The gnoll is lightly wounded.
The gnoll closely misses you.
You closely miss the gnoll. Your grab misses the gnoll. You squeeze the gnoll.
The gnoll is heavily wounded.
You hit the gnoll but do no damage. The gnoll hits you with a +0 flail.
The gnoll barely misses you.
You hit the gnoll. Your grab misses the gnoll.
The gnoll is heavily wounded.
You hit the gnoll. The gnoll closely misses you.
The gnoll hits you with a +0 club! The gnoll closely misses you.
The gnoll hits you with a +0 flail.
You are too injured to fight recklessly!
You are too injured to fight recklessly!
Unknown command.
You feel very mighty all of a sudden. The gnoll hits you with a +0 club.
* * * LOW HITPOINT WARNING * * *
The gnoll hits you with a +0 club!
You die...

.# #######.#.#.###.# .#
#. #.. ...##.## #.# ##.#
#.# ###.#######.# .#...#
#.## ##..........
......##.. ..<......##
.........#####.#.###.##
.......>.......#.###.###
#....gg#...............
#....g@.#.#.###........
#.......##........#.###
#.......#.#.###.#.#.#
##.....#........#.#.#
#....#.#########.#.##
#...### #....## ######
.....# ##.....# .....#
##.#.# ##.......
####.### #.#.# #....)...


You could see 3 gnolls.

Vanquished Creatures
  A hound (D:2)
  An orc wizard (D:3)
  3 adders
  A dart slug (D:3)
  4 orcs (D:3)
  4 endoplasms
  2 giant cockroaches (D:1)
  7 hobgoblins
  12 kobolds
  3 quokkas
  7 ball pythons
  A bat (D:1)
  4 frilled lizards
  6 goblins
  2 rats (D:1)
58 creatures vanquished.

Notes
Turn   | Place    | Note
-------+----------+-------------------------------------------
     0 | D:1      | zeram the Octopode Fighter began the quest for the Orb.
     0 | D:1      | Reached XP level 1. HP: 16/16 MP: 1/1
   306 | D:1      | Reached XP level 2. HP: 19/21 MP: 2/2
   710 | D:1      | Reached XP level 3. HP: 26/26 MP: 3/3
  1232 | D:2      | Reached skill level 3 in Axes
  1232 | D:2      | Reached XP level 4. HP: 24/31 MP: 4/4
  1325 | D:2      | Found a broken altar of Ashenzari.
  2196 | D:3      | Reached XP level 5. HP: 27/36 MP: 5/5
  2371 | D:3      | Found a faded altar of an unknown god.
  2401 | D:3      | Found Plog's Weapon Shoppe.
  2424 | D:3      | Reached skill level 4 in Axes
  2613 | D:3      | Found Hoaneis's Assorted Antiques.
  2761 | D:3      | Slain by a gnoll

Illustrated notes

Levels and vault maps discovered:
D:1:      dpeg_arrival_boxes_within_box, layout_basic
D:2:      layout_loops_ring, basic_altar, minmay_pentomino_s2
D:3:      layout_loops_ring, shapermc_ecumenical_altar_venn, serial_shops, shop,
          nicolae_shop_temple_entry_statues_fountains

Skill      XL: |  1  2  3  4  5 |
---------------+----------------+-----
Axes           | 3 4 |  4.2
Fighting       | |  3.4
Dodging        | |  3.5
Stealth        | |  0.2
Shields        | |  3.5

Action                   |  1- 3 |  4- 6 || total
-------------------------+-------+-------++-------
Melee: War axe           |    51 |    52 ||   103
       Constrict         |    15 |    10 ||    25
       Tentacles         |     7 |     4 ||    11
  Use: Potion            |       |     1 ||     1
 Stab: Sleeping          |     6 |     7 ||    13
       Distracted        |       |     1 ||     1
Armor: Skin              |       |     1 ||     1
Dodge: Dodged            |    28 |    29 ||    57
Block: Kite shield       |    18 |       ||    18
       Buckler           |       |    10 ||    10
